 Dungeon Crawl Stone Soup version 0.24-a0-201-gf205589 (webtiles) character file.

Game seed: 875710841819764616

107 Borgoz the Cutter (level 5, 0/32 HPs)
             Began as a Kobold Gladiator on Mar 24, 2019.
             Succumbed to Jessica's poison
             ... on level 3 of the Dungeon.
             The game lasted 00:04:52 (2398 turns).

Borgoz the Cutter (Kobold Gladiator)                Turns: 2398, Time: 00:04:53

Health: 0/32       AC:  5    Str: 12    XL:     5   Next: 11%
Magic:  6/6        EV: 16    Int: 10    God:
Gold:   105        SH:  0    Dex: 16    Spells: 6/6 levels left

rFire    . . .     SeeInvis .   a - +0 rapier
rCold    . . .     Gourm    .   (shield restricted)
rNeg     . . .     Faith    .   b - +0 leather armour
rPois    .         Spirit   .   c - +0 helmet
rElec    .         Reflect  .   (no cloak)
rCorr    .         Harm     .   h - +0 pair of gloves
MR       .....                  (no boots)
Stlth    +.........             (no amulet)
HPRegen  0.10/turn              n - ring of attention (curse)
MPRegen  0.10/turn              (no ring)

@: lethally poisoned (0 -> -22), about to teleport
A: small, carnivore
a: no special abilities


You were on level 3 of the Dungeon.
You were completely stuffed.

You visited 1 branch of the dungeon, and saw 3 of its levels.

You collected 105 gold pieces.

Inventory:

Hand Weapons
 a - a +0 rapier (weapon)
 p - a +0 rapier
Missiles
 d - 3 throwing nets (quivered)
 i - 6 tomahawks
Armour
 b - a +0 leather armour (worn)
 c - a +0 helmet (worn)
 h - a +0 pair of gloves (worn)
Jewellery
 j - an uncursed ring of positive energy {unknown}
 m - an uncursed ring of ice
 n - a cursed ring of attention (left hand)
 o - an uncursed amulet of magic regeneration
Scrolls
 e - a scroll of identify
 k - 3 scrolls of remove curse {unknown}
 l - a scroll of magic mapping {unknown}
 q - a scroll of fear {unknown}
 r - a scroll of enchant weapon {unknown}
Comestibles
 f - 4 rations


   Skills:
 + Level 2.9 Fighting
 + Level 4.6 Short Blades
 + Level 2.9 Throwing
 + Level 1.1 Armour
 + Level 4.1 Dodging
 + Level 1.9 Stealth
 + Level 1.1 Spellcasting


You had 6 spell levels left.
You didn't know any spells.
Your spell library was empty.

Dungeon Overview and Level Annotations

Branches:
Dungeon (3/15)

Altars:
Makhleb

Annotations:
D:3 Jessica, Natasha


Innate Abilities, Weirdness & Mutations

You are small and have problems with some larger weapons.
You are carnivorous and can eat meat at any time.


Message History

Jessica hits you but does no damage.
You are lethally poisoned!
You hit Jessica.
Jessica is severely wounded.
* * * LOW HITPOINT WARNING * * *
You feel sick.
Jessica grins evilly.
Jessica hits you with a +4 dagger of venom.
* * * LOW HITPOINT WARNING * * *
You are more poisoned.
Jessica barely misses you.
You aren't carrying any potions.
As you read the scroll of teleportation, it crumbles to dust.
You feel strangely unstable.
* * * LOW HITPOINT WARNING * * *
You feel sick. Jessica closely misses you.
Okay, then.
You hit Jessica but do no damage.
Jessica is severely wounded.
You die...

##.#.oh....#
###.###@.....#
#....#.#.@#..#
#.###..##..#...
#.# ##.o#.##.#..
####.# #..... #.#
##....# ####.##
##.###.## ###.###
#.####..# #...)@#
#.##....# #...@.#
#.##.##.####.....#
##.#......##.....#
##...###.##.....#
##.####.########
#....#.####
#.#.......#
#.#.......#


You could see Jessica.

Vanquished Creatures
  An orc wizard (D:3)
  2 adders (D:2)
  An ooze (D:1)
  A worm (D:2)
  A dart slug (D:2)
  4 leopard geckos
  2 orcs (D:3)
  6 bats
  3 giant cockroaches
  5 goblins
  4 hobgoblins
  3 jackals (D:2)
  A quokka (D:2)
  A ball python (D:1)
  4 frilled lizards (D:2)
  5 kobolds
  8 rats
52 creatures vanquished.

Vanquished Creatures (others)
  A ghoul (D:1)
  A draconian (D:1)
  2 octopodes (D:1)
  2 gargoyles (D:1)
  An elf (D:1)
  2 trolls (D:1)
  A spriggan (D:1)
  2 dwarves (D:1)
  A centaur (D:1)
  A mummy (D:1)
  An orc (D:1)
  9 tentacles (D:1)
24 creatures vanquished.

Grand Total: 76 creatures vanquished

Notes
Turn   | Place    | Note
-------+----------+-------------------------------------------
     0 | D:1      | Borgoz the Kobold Gladiator began the quest for the Orb.
     0 | D:1      | Reached XP level 1. HP: 12/12 MP: 1/1
     2 | D:1      | Noticed a spriggan
     2 | D:1      | Noticed a ghoul
     2 | D:1      | Noticed an octopode
     2 | D:1      | Noticed a gargoyle
     2 | D:1      | Noticed a draconian
     2 | D:1      | Noticed a dwarf
     2 | D:1      | Noticed a centaur
     2 | D:1      | Noticed a kraken
     2 | D:1      | Noticed an octopode
     2 | D:1      | Noticed a troll
     2 | D:1      | Noticed a gargoyle
     2 | D:1      | Noticed a troll
     2 | D:1      | Noticed an elf
     2 | D:1      | Noticed a dwarf
     4 | D:1      | Killed a dwarf
     7 | D:1      | Killed an octopode
     7 | D:1      | Killed a spriggan
     8 | D:1      | Killed a gargoyle
     8 | D:1      | Killed a ghoul
    10 | D:1      | Killed an octopode
    13 | D:1      | Killed a draconian
    13 | D:1      | Killed a gargoyle
    13 | D:1      | Killed a centaur
    14 | D:1      | Killed a troll
    16 | D:1      | Killed an elf
    16 | D:1      | Killed a dwarf
    24 | D:1      | Killed a troll
   313 | D:1      | Reached XP level 2. HP: 4/17 MP: 2/2
   364 | D:1      | Reached skill level 1 in Stealth
   613 | D:1      | Reached XP level 3. HP: 20/22 MP: 3/3
  1262 | D:2      | Reached XP level 4. HP: 22/27 MP: 4/4
  1468 | D:2      | Reached skill level 1 in Armour
  1606 | D:2      | Found a burning altar of Makhleb.
  2350 | D:3      | Noticed Natasha
  2352 | D:3      | Reached skill level 1 in Spellcasting
  2354 | D:3      | Noticed Jessica
  2395 | D:3      | Reached XP level 5. HP: 11/32 MP: 6/6
  2398 | D:3      | Succumbed to Jessica's poison

Levels and vault maps discovered:
D:1:      nicolae_arrival_kraken_aquarium_b, layout_loops_ring,
          chequers_serial_rivers_micro_b
D:2:      layout_basic, lemuel_doored_altar, minmay_misc_feat_tiny,
          minmay_split_cup_small
D:3:      layout_loops_cross, first_ration, uniq_jessica, uniq_natasha

Skill      XL: |  1  2  3  4 |
---------------+-------------+-----
Stealth        | 1 |  1.9
Dodging        | 4 |  4.1
Armour         | 1 |  1.1
Spellcasting   | 1 |  1.1
Fighting       | |  2.9
Short Blades   | |  4.6
Throwing       | |  2.9

Action                   |  1- 3 |  4- 6 || total
-------------------------+-------+-------++-------
Melee: Rapier            |   114 |    95 ||   209
  Use: Potion            |     1 |       ||     1
       Scroll            |       |     3 ||     3
 Stab: Sleeping          |     2 |     1 ||     3
  Eat: Chunk             |    10 |     3 ||    13
Armor: Leather armour    |    22 |    17 ||    39
Dodge: Dodged            |   105 |    74 ||   179

Table legend:
 A = Non-vault XP
 B = Vault XP
 C = Vault XP percentage of total XP
 D = Non-vault monster count
 E = Vault monster count
 F = Vault count percentage of total count
                 A         B        C        D         E       F
            +---------+---------+-------+---------+---------+-------
      Total |     151 |       3 |   1.9 |      49 |       3 |   5.8
            +---------+---------+-------+---------+---------+-------
        D:1 |      33 |       0 |   0.0 |      17 |       0 |   0.0
        D:2 |      74 |       3 |   3.9 |      27 |       3 |  10.0
        D:3 |      44 |       0 |   0.0 |       5 |       0 |   0.0
            +---------+---------+-------+---------+---------+-------
